 Dungeon Crawl Stone Soup version 0.28.0-53-g5a82cb258f (webtiles) character file.

Game seed: 2515121197114178641

23 Zeld the Firebug (level 2, 0/15 HPs)
             Began as a Deep Elf Fire Elementalist on May 22, 2022.
             Succumbed to an adder's poison
             ... on level 2 of the Dungeon.
             The game lasted 00:01:07 (1743 turns).

Zeld the Firebug (Deep Elf Fire Elementalist)       Turns: 1743, Time: 00:01:08

Health: 0/15       AC:  3    Str:  5    XL:     2   Next: 75%
Magic:  1/8        EV: 13    Int: 19    God:
Gold:   62         SH:  0    Dex: 15    Spells: 5/8 levels left

rFire   . . .      SeeInvis .   (no weapon)
rCold   . . .      Faith    .   (no shield)
rNeg    . . .      Spirit   .   a - +0 robe
rPois   .          Reflect  .   (no helmet)
rElec   .          Harm     .   (no cloak)
rCorr   .          Rampage  .   d - +0 pair of gloves
Will    .....                   (no boots)
Stlth   ++........              (no amulet)
HPRegen 0.05/turn               (no ring)
MPRegen 0.11/turn               (no ring)

@: lethally poisoned (0 -> -7)
A: no striking features
a: no special abilities


You were on level 2 of the Dungeon.
You visited 1 branch of the dungeon, and saw 2 of its levels.

You collected 62 gold pieces.

Inventory:

Armour
 a - a +0 robe (worn)
 d - a +0 pair of gloves (worn)
Jewellery
 f - a ring of protection from fire
Scrolls
 c - 2 scrolls of silence {unknown}
 e - a scroll of blinking {unknown}
Potions
 b - a potion of magic {unknown}
 g - a potion of haste {unknown}
 h - a potion of brilliance {unknown}


   Skills:
 + Level 2.8 Dodging
 - Level 2.4 Stealth
 * Level 3.6 Spellcasting
 + Level 1.5 Conjurations
 * Level 3.7 Fire Magic


You had 5 spell levels left.
You knew the following spells:

 Your Spells              Type           Power      Damage    Failure   Level
a - Foxfire               Conj/Fire      52%        2x1d6     4%          1
b - Scorch                Fire           34%        2d6       4%          2

Your spell library contained the following spells:

 Spells                   Type           Power      Damage    Failure   Level
 Conjure Flame            Conj/Fire      13%        6-21      14%         3
 Inner Flame              Hex/Fire       10%        N/A       21%         3
 Flame Wave               Conj/Fire      13%        2d6       43%         4


Dungeon Overview and Level Annotations

Branches:
Dungeon (2/15)

Altars:


Message History

The hobgoblin is moderately wounded.
The hobgoblin closely misses you.
A dart slug comes into view.
Casting: Scorch (safe; 4% risk of failure)
Confirm with . or Enter, or press ? or * to list all spells.
Flames lash the adder.
The adder is severely wounded.
The adder's fire resistance burns away.
The adder bites you.
You are poisoned.
The adder poisons you! The hobgoblin hits you.
Casting: Scorch (safe; 4% risk of failure)
Confirm with . or Enter, or press ? or * to list all spells.
Flames lash the hobgoblin.
You kill the hobgoblin!
You feel sick. The adder closely misses you. The adder barely misses you.
Unknown command.
Casting: Scorch (safe; 4% risk of failure)
Confirm with . or Enter, or press ? or * to list all spells.
You don't have enough magic to cast this spell.
Unknown command.
You feel sick.
You feel sick.
You feel sick.
The adder is no longer more vulnerable to fire.
Casting: Scorch (safe; 4% risk of failure)
Confirm with . or Enter, or press ? or * to list all spells.
You conjure some foxfire!
You feel sick. The adder misses you. The adder barely misses you.
Your foxfire dissipates!
You feel sick.
The foxfire hits the adder.
The adder is almost dead.
You feel sick.
You are no longer poisoned.
The adder bites you but does no damage. The adder closely misses you.
The adder bites you.
* * * LOW HITPOINT WARNING * * *
You are lethally poisoned!
The adder poisons you!
You die...

##........)......###
#...............#
#..[....†.......#
########.......##'######
........)......##.#
#.#####.##+######.#
...#####.##.######.#
..................># ...
.#######.##@######.#
.... #.##.# #.# ....##.
#..#S# #.# ......
###.#.# #.# #.#..#.
#.....# #.# #.#..#.
#.##.###.###.###.#....
####.##..##.........#..#
#........##.###.##....#
#.........# ..........#


You could see an adder.

Vanquished Creatures
  An orc (D:2)
  A ball python (D:2)
  2 endoplasms
  A goblin (D:1)
  3 hobgoblins
  3 jackals (D:1)
  2 kobolds
  A quokka (D:1)
  2 bats (D:1)
  A frilled lizard (D:1)
  2 rats (D:1)
19 creatures vanquished.

Vanquished Creatures (others)
  31 foxfires
31 creatures vanquished.

Grand Total: 50 creatures vanquished

Notes
Turn   | Place    | Note
-------+----------+-------------------------------------------
     0 | D:1      | Zeld the Deep Elf Fire Elementalist began the quest for the
                  | Orb.
     0 | D:1      | Reached XP level 1. HP: 10/10 MP: 6/6
   488 | D:1      | Reached XP level 2. HP: 3/15 MP: 0/8
   503 | D:1      | Learned a level 2 spell: Scorch
  1142 | D:1      | Found a faded altar of an unknown god.
  1743 | D:2      | Succumbed to an adder's poison

Illustrated notes

Levels and vault maps discovered:
D:1:      saegor_arrival_simple_e, layout_basic, nicolae_ecumenical_lake_church,
          minmay_tromino_v7
D:2:      layout_basic, corexii_hall_statues_deadend

Action                   || total
-------------------------++-------
Melee: Unarmed           ||    15
 Cast: Foxfire           ||    27
       Scorch            ||    14
Armor: Robe              ||    10
Dodge: Dodged            ||    30
